 Dungeon Crawl Stone Soup version 0.22-a0-855-g415d086bb8 (webtiles) character file.

522 PikkenKukken the Shield-Bearer (level 7, 0/60 HPs)
             Began as a Gnoll Fighter on July 27, 2018.
             Succumbed to Duvessa's poison
             ... on level 4 of the Dungeon.
             The game lasted 00:05:47 (3139 turns).

PikkenKukken the Shield-Bearer (Gnoll Fighter)      Turns: 3139, Time: 00:05:47

Health: 0/60       AC: 11    Str: 24    XL:     7   Next: 22%
Magic:  10/10      EV:  8    Int: 10    God:
Gold:   177        SH: 14    Dex: 16    Spells: 10/10 levels left

rFire    . . .     SeeInvis .   q - +2 flail (holy)
rCold    . . .     Gourm    .   c - +0 shield
rNeg     . . .     Faith    .   m - +0 chain mail
rPois    .         Spirit   .   (no helmet)
rElec    .         Reflect  +   p - +0 cloak
rCorr    .         Harm     .   (no gloves)
MR       .....                  (no boots)
Stlth    ..........             n - +3 amulet of reflection
HPRegen  0.20/turn              (no ring)
MPRegen  0.12/turn              (no ring)

@: mighty, lethally poisoned (0 -> -28)
A: distributed training, fangs 1, strong nose
a: no special abilities


You were on level 4 of the Dungeon.
You were not hungry.

You visited 1 branch of the dungeon, and saw 4 of its levels.

You collected 177 gold pieces.

Inventory:

Hand Weapons
 a - a +0 rapier
 q - a +2 flail of holy wrath (weapon)
Armour
 b - a +0 scale mail
 c - a +0 shield (worn)
 m - a +0 chain mail (worn)
 p - a +0 cloak (worn)
Jewellery
 n - a +3 amulet of reflection (around neck)
Scrolls
 h - 2 scrolls of teleportation
 j - a scroll of amnesia
 s - a scroll of fear
Potions
 e - 5 potions of curing
 g - a potion of invisibility
 i - a potion of ambrosia
 l - a potion of agility
 o - a potion of berserk rage {unknown}
 r - 2 potions of flight {unknown}
Comestibles
 f - 11 rations


   Skills:
 + Level 7.0 Fighting
 + Level 5.1 Short Blades
 + Level 2.3 Long Blades
 + Level 2.3 Axes
 + Level 2.3 Maces & Flails
 + Level 2.3 Polearms
 + Level 2.3 Staves
 + Level 2.3 Slings
 + Level 2.3 Bows
 + Level 2.3 Crossbows
 + Level 2.3 Throwing
 + Level 7.0 Armour
 + Level 2.3 Dodging
 + Level 2.3 Stealth
 + Level 7.0 Shields
 + Level 2.3 Unarmed Combat
 + Level 2.3 Spellcasting
 + Level 1.8 Conjurations
 + Level 1.8 Hexes
 + Level 1.8 Charms
 + Level 1.8 Summonings
 + Level 1.8 Necromancy
 + Level 1.8 Translocations
 + Level 1.8 Transmutations
 + Level 1.8 Fire Magic
 + Level 1.8 Ice Magic
 + Level 1.8 Air Magic
 + Level 1.8 Earth Magic
 + Level 1.8 Poison Magic
 + Level 2.5 Invocations
 + Level 2.3 Evocations


You had 10 spell levels left.
You didn't know any spells.
Your spell library was empty.

Dungeon Overview and Level Annotations

Branches:
Dungeon (4/15)
 Temple: D:4-7

Altars:
Ashenzari

Annotations:
D:4 Dowan


Innate Abilities, Weirdness & Mutations

Your experience applies equally to all skills.
You have very sharp teeth.
Your uncanny sense of smell can sniff out nearby items.


Message History

The orc hits you from afar with a trident.
* * * LOW HITPOINT WARNING * * *
The worker ant bites you but does no damage.
You sock the orc priest!
You kill the orc priest!
* * * LOW HITPOINT WARNING * * *
You feel very sick. You block the orc's attack.
You block the worker ant's attack. Dowan closely misses you.
You block the orc's attack.
Unknown command.
* * * LOW HITPOINT WARNING * * *
You feel very sick.
Dowan gestures wildly while chanting.
Dowan blinks!
You sock the worker ant!
You kill the worker ant!
Your Fighting skill increases to level 7!
Your Armour skill increases to level 7!
Your Shields skill increases to level 7!
You die...

#.# ### #.# #.#
## #.# ..
#.#############.#
#........)....#S#
##########.####.#
#.####o#.#
#...@....#
#.######.# #.#
###


You could see an orc.

Vanquished Creatures
  Duvessa (D:4)
  A howler monkey (D:3)
  Crazy Yiuf (D:3)
  A centaur skeleton (D:4)
  3 orc priests
  2 orc wizards (D:4)
  An iguana (D:4)
  2 worker ants (D:4)
  2 adders
  An ooze (D:1)
  2 worms (D:2)
  2 leopard geckos
  14 orcs
  7 bats
  2 giant cockroaches
  6 goblins
  11 hobgoblins
  3 kobolds
  3 frilled lizards
  6 rats
  A fungus (D:3)
72 creatures vanquished.

Vanquished Creatures (others)
  A kobold (D:3)
1 creature vanquished.

Grand Total: 73 creatures vanquished

Notes
Turn   | Place    | Note
-------+----------+-------------------------------------------
     0 | D:1      | PikkenKukken the Gnoll Fighter began the quest for the Orb.
     0 | D:1      | Reached XP level 1. HP: 23/23 MP: 1/1
   261 | D:1      | Reached XP level 2. HP: 25/29 MP: 2/2
   629 | D:1      | Reached XP level 3. HP: 35/35 MP: 3/3
  1107 | D:2      | Reached skill level 1 in Invocations
  1409 | D:2      | Reached skill level 1 in Long Blades
  1409 | D:2      | Reached skill level 1 in Axes
  1409 | D:2      | Reached skill level 1 in Maces & Flails
  1409 | D:2      | Reached skill level 1 in Polearms
  1409 | D:2      | Reached skill level 1 in Staves
  1409 | D:2      | Reached skill level 1 in Slings
  1409 | D:2      | Reached skill level 1 in Bows
  1409 | D:2      | Reached skill level 1 in Crossbows
  1409 | D:2      | Reached skill level 1 in Throwing
  1409 | D:2      | Reached skill level 1 in Dodging
  1409 | D:2      | Reached skill level 1 in Stealth
  1409 | D:2      | Reached skill level 1 in Unarmed Combat
  1409 | D:2      | Reached skill level 1 in Spellcasting
  1409 | D:2      | Reached skill level 1 in Evocations
  1592 | D:3      | Reached XP level 4. HP: 41/41 MP: 5/5
  1689 | D:3      | Reached skill level 1 in Conjurations
  1689 | D:3      | Reached skill level 1 in Hexes
  1689 | D:3      | Reached skill level 1 in Charms
  1689 | D:3      | Reached skill level 1 in Summonings
  1689 | D:3      | Reached skill level 1 in Necromancy
  1689 | D:3      | Reached skill level 1 in Translocations
  1689 | D:3      | Reached skill level 1 in Transmutations
  1689 | D:3      | Reached skill level 1 in Fire Magic
  1689 | D:3      | Reached skill level 1 in Ice Magic
  1689 | D:3      | Reached skill level 1 in Air Magic
  1689 | D:3      | Reached skill level 1 in Earth Magic
  1689 | D:3      | Reached skill level 1 in Poison Magic
  1926 | D:3      | Found a shattered altar of Ashenzari.
  1991 | D:3      | Reached XP level 5. HP: 40/47 MP: 5/7
  2247 | D:3      | Found a runed door.
  2251 | D:3      | Noticed Crazy Yiuf
  2261 | D:3      | Killed Crazy Yiuf
  2546 | D:4      | Reached XP level 6. HP: 43/53 MP: 8/8
  2828 | D:4      | Reached skill level 5 in Short Blades
  3126 | D:4      | Noticed Duvessa
  3126 | D:4      | Noticed Dowan
  3134 | D:4      | Killed Duvessa
  3134 | D:4      | Reached XP level 7. HP: 31/59 MP: 10/10
  3139 | D:4      | Succumbed to Duvessa's poison

Vault maps used:
D:1:      dpeg_arrival_fog, serial_park_tiny_pond
D:3:      nicolae_overflow_hidden_temple, uniq_crazy_yiuf_cottage
D:4:      first_ration, uniq_duvessa

Skill      XL: |  1  2  3  4  5  6  7 |
---------------+----------------------+-----
Invocations    | 1 2 |  2.5
Long Blades    | 1 2 |  2.3
Axes           | 1 2 |  2.3
Maces & Flails | 1 2 |  2.3
Polearms       | 1 2 |  2.3
Staves         | 1 2 |  2.3
Slings         | 1 2 |  2.3
Bows           | 1 2 |  2.3
Crossbows      | 1 2 |  2.3
Throwing       | 1 2 |  2.3
Dodging        | 1 2 |  2.3
Stealth        | 1 2 |  2.3
Unarmed Combat | 1 2 |  2.3
Spellcasting   | 1 2 |  2.3
Evocations     | 1 2 |  2.3
Conjurations   | 1 |  1.8
Hexes          | 1 |  1.8
Charms         | 1 |  1.8
Summonings     | 1 |  1.8
Necromancy     | 1 |  1.8
Translocations | 1 |  1.8
Transmutations | 1 |  1.8
Fire Magic     | 1 |  1.8
Ice Magic      | 1 |  1.8
Air Magic      | 1 |  1.8
Earth Magic    | 1 |  1.8
Poison Magic   | 1 |  1.8
Short Blades   | 5 |  5.1
Fighting       | 7 |  7.0
Armour         | 7 |  7.0
Shields        | 7 |  7.0

Action                   |  1- 3 |  4- 6 |  7- 9 || total
-------------------------+-------+-------+-------++-------
Melee: Rapier            |   116 |   105 |       ||   221
       Bite              |     7 |    27 |     1 ||    35
       Flail             |       |    57 |     4 ||    61
  Use: Scroll            |     7 |     4 |       ||    11
       Potion            |       |     1 |       ||     1
  Eat: Chunk             |     2 |     5 |       ||     7
Armor: Scale mail        |    34 |       |       ||    34
       Chain mail        |       |    46 |     4 ||    50
Dodge: Dodged            |    27 |    29 |     1 ||    57
Block: Shield            |    53 |    91 |     8 ||   152
       Reflection        |       |     1 |       ||     1

Table legend:
 A = Spawn XP
 B = Non-spawn XP
 C = Spawn XP percentage of total XP
 D = Spawn monster count
 E = Non-spawn monster count
 F = Spawn count percentage of total count
 G = Total turns spent on level
                    A         B        C        D         E        F      G
               +---------+---------+-------+---------+---------+-------+---------
         Total |       0 |     746 |   0.0 |       0 |      71 |   0.0 |  3139
               +---------+---------+-------+---------+---------+-------+---------
           D:1 |       0 |      34 |   0.0 |       0 |      17 |   0.0 |   808
           D:2 |       0 |      46 |   0.0 |       0 |      16 |   0.0 |   765
           D:3 |       0 |     167 |   0.0 |       0 |      17 |   0.0 |   725
           D:4 |       0 |     499 |   0.0 |       0 |      21 |   0.0 |   841
               +---------+---------+-------+---------+---------+-------+---------
